General information
- name: BNet
- type: Ladder team game (AT/RT)
- host: Battle.net
- saver: Nlggergasser
map: FullScaleAssault
- players: 8
- length: 41:36
- speed: Fast
- version: 1.26 W3XP
- replay type: Public
» download(252 KB)
Players
team 1 (winner)

»
dontTKidiot (
pink | 40 APM | 1675 actions | 41:36)
7 Blademaster
3 Wind Walk
3 Critical Strike
1 Bladestorm
5 Shadow Hunter
3 Healing Wave
2 Hex
» actions
| Assign group hotkey | 9 | |
| Basic commands | 94 | |
| Build / train | 65 | |
| Enter build submenu | 16 | |
| Enter hero's abilities submenu | 14 | |
| Give item / drop item | 8 | |
| Right click | 1090 | |
| Select / deselect | 282 | |
| Select group hotkey | 15 | |
| Use ability | 64 | |
1675 total
» units
| Peon | 12 | |
| Grunt | 2 | |
| Wind Rider | 8 | |
| Dryad | 4 | |
| Hippogryph | 4 | |
| Frost Wyrm | 3 | |
33 total
» upgrades
| Envenomed Spears | 1 | |
| Armor | 3 | |
| Ranged Weapons | 3 | |
7 total
» buildings
| Altar of Storms | 1 | |
| Orc Burrow | 6 | |
| Barracks | 1 | |
| Stronghold | 1 | |
| War Mill | 1 | |
| Voodoo Lounge | 1 | |
| Fortress | 1 | |
| Beastiary | 4 | |
| Great Hall | 2 | |
18 total
» build order
00:20 Altar of Storms
00:25 Orc Burrow
00:36 Barracks
01:58 Orc Burrow
02:48 Stronghold
03:31 War Mill
04:21 Voodoo Lounge
04:25 Orc Burrow
05:12 Fortress
05:17 Beastiary
06:05 Great Hall
07:17 Beastiary
08:08 Beastiary
08:25 Beastiary
08:29 Orc Burrow
08:30 Orc Burrow
13:26 Orc Burrow
17:04 Great Hall
» items
| Orb of Lightning | 1 | |
| Scroll of Town Portal | 2 | |
3 total
RAINBOW-BOY. (
green | 46 APM | 1926 actions | 41:36)
4 Blademaster
2 Wind Walk
2 Critical Strike
» actions
| Assign group hotkey | 52 | |
| Basic commands | 204 | |
| Build / train | 65 | |
| Enter build submenu | 25 | |
| Enter hero's abilities submenu | 4 | |
| Give item / drop item | 12 | |
| Right click | 521 | |
| Select / deselect | 312 | |
| Select group hotkey | 589 | |
| Use ability | 142 | |
1926 total
» units
| Peon | 15 | |
| Grunt | 3 | |
| Goblin Shredder | 7 | |
| Goblin Zeppelin | 5 | |
| Wind Rider | 7 | |
| Blue Dragon | 1 | |
| Acolyte | 1 | |
39 total
» upgrades
| Ranged Weapons | 2 | |
| Reinforced Defenses | 1 | |
| Armor | 2 | |
| Envenomed Spears | 1 | |
6 total
» buildings
| Altar of Storms | 1 | |
| Orc Burrow | 6 | |
| Barracks | 1 | |
| Voodoo Lounge | 1 | |
| Stronghold | 2 | |
| Great Hall | 2 | |
| War Mill | 1 | |
| Fortress | 1 | |
| Beastiary | 4 | |
| Watch Tower | 24 | |
43 total
» build order
00:08 Altar of Storms
00:22 Orc Burrow
00:37 Barracks
01:24 Orc Burrow
01:57 Voodoo Lounge
02:54 Stronghold
03:32 Orc Burrow
04:06 Great Hall
05:08 War Mill
05:20 Fortress
06:01 Orc Burrow
06:56 Beastiary
06:57 Beastiary
06:58 Beastiary
07:52 Watch Tower
07:53 Watch Tower
07:54 Watch Tower
07:55 Watch Tower
07:56 Watch Tower
08:47 Watch Tower
10:03 Watch Tower
10:15 Watch Tower
10:15 Watch Tower
10:16 Watch Tower
10:19 Watch Tower
11:12 Watch Tower
12:07 Watch Tower
12:08 Watch Tower
12:11 Watch Tower
12:12 Watch Tower
12:20 Watch Tower
12:20 Watch Tower
14:09 Beastiary
14:13 Orc Burrow
14:41 Great Hall
15:04 Orc Burrow
16:33 Watch Tower
16:34 Watch Tower
16:34 Watch Tower
16:36 Watch Tower
17:20 Stronghold
18:13 Watch Tower
18:13 Watch Tower
» items
| Healing Salve | 2 | |
| Tiny Great Hall | 1 | |
| Orb of Lightning | 1 | |
| Scroll of Town Portal | 2 | |
| Staff of Teleportation | 1 | |
| Boots of Speed | 1 | |
| Potion of Lesser Invulnerability | 2 | |
10 total

»
join2play (
blue | 52 APM | 1377 actions | 26:32)
4 Death Knight
2 Death Coil
2 Unholy Aura
3 Lich
2 Frost Nova
1 Frost Armor
2 Crypt Lord
1 Spiked Carapace
1 Carrion Beetles
» actions
| Assign group hotkey | 3 | |
| Basic commands | 17 | |
| Build / train | 64 | |
| Enter build submenu | 22 | |
| Enter hero's abilities submenu | 9 | |
| Remove unit from queue | 1 | |
| Right click | 965 | |
| Select / deselect | 226 | |
| Select group hotkey | 2 | |
| Use ability | 67 | |
1377 total
» units
| Acolyte | 7 | |
| Ghoul | 4 | |
| Crypt Fiend | 14 | |
| Frost Wyrm | 4 | |
29 total
» upgrades
| Creature Attack | 3 | |
| Creature Carapace | 3 | |
| Web | 1 | |
| Freezing Breath | 1 | |
| Destroyer Form | 1 | |
9 total
» buildings
| Crypt | 1 | |
| Altar of Darkness | 1 | |
| Ziggurat | 4 | |
| Graveyard | 1 | |
| Tomb of Relics | 2 | |
| Nerubian Tower | 1 | |
| Halls of the Dead | 1 | |
| Black Citadel | 1 | |
| Slaughterhouse | 1 | |
| Sacrificial Pit | 1 | |
| Necropolis | 1 | |
| Boneyard | 2 | |
| Spirit Tower | 2 | |
19 total
» build order
00:56 Crypt
00:57 Altar of Darkness
01:00 Ziggurat
01:06 Graveyard
01:26 Ziggurat
01:49 Tomb of Relics
01:55 Tomb of Relics
02:39 Ziggurat
02:45 Nerubian Tower
05:10 Halls of the Dead
05:55 Ziggurat
08:03 Black Citadel
11:12 Slaughterhouse
11:15 Sacrificial Pit
13:27 Necropolis
13:30 Boneyard
13:32 Boneyard
14:05 Spirit Tower
14:05 Spirit Tower
» items
WolfBabe31 (
red | 39 APM | 1003 actions | 25:26)
3 Dark Ranger
2 Life Drain
1 Black Arrow
» actions
| Assign group hotkey | 17 | |
| Basic commands | 7 | |
| Build / train | 71 | |
| Enter build submenu | 27 | |
| Enter hero's abilities submenu | 3 | |
| Right click | 462 | |
| Select / deselect | 262 | |
| Select group hotkey | 92 | |
| Use ability | 62 | |
1003 total
» units
| Wisp | 31 | |
| Huntress | 2 | |
| Mountain Giant | 2 | |
| Druid of the Talon | 4 | |
| Dryad | 4 | |
| Hippogryph | 6 | |
49 total
» upgrades
| Strength of the Wild | 3 | |
| Reinforced Hides | 3 | |
| Druid of the Claw Training | 1 | |
| Druid of the Talon Training | 2 | |
| Abolish Magic | 1 | |
| Hardened Skin | 1 | |
| Resistant Skin | 1 | |
| Well Spring | 1 | |
13 total
» buildings
| Altar of Elders | 1 | |
| Moon Well | 6 | |
| Hunter's Hall | 2 | |
| Ancient of Wonders | 1 | |
| Tree of Ages | 2 | |
| Ancient of War | 1 | |
| Ancient of Lore | 2 | |
| Ancient of Wind | 1 | |
| Tree of Eternity | 1 | |
| Tree of Life | 2 | |
| Ancient Protector | 6 | |
25 total
» build order
00:08 Altar of Elders
00:27 Moon Well
02:09 Hunter's Hall
02:13 Moon Well
02:26 Hunter's Hall
02:59 Moon Well
03:43 Ancient of Wonders
04:22 Tree of Ages
04:23 Tree of Ages
04:57 Ancient of War
06:52 Ancient of Lore
06:55 Ancient of Lore
07:02 Ancient of Wind
07:46 Tree of Eternity
07:56 Tree of Life
09:59 Moon Well
13:28 Moon Well
13:32 Moon Well
13:39 Ancient Protector
13:42 Ancient Protector
13:44 Ancient Protector
13:48 Ancient Protector
13:50 Ancient Protector
14:06 Ancient Protector
16:58 Tree of Life
» items
team 2 (loser)
smileyD_Dsmiley (
purple | 62 APM | 946 actions | 15:11)
3 Warden
2 Shadow Strike
1 Blink
» actions
| Assign group hotkey | 36 | |
| Basic commands | 3 | |
| Build / train | 69 | |
| ESC pressed | 2 | |
| Enter build submenu | 26 | |
| Enter hero's abilities submenu | 3 | |
| Give item / drop item | 2 | |
| Remove unit from queue | 1 | |
| Right click | 301 | |
| Select / deselect | 189 | |
| Select group hotkey | 260 | |
| Use ability | 54 | |
946 total
» units
| Wisp | 27 | |
| Archer | 5 | |
| Huntress | 4 | |
| Dryad | 8 | |
| Hippogryph | 1 | |
| Chimaera | 3 | |
48 total
» upgrades
» buildings
| Altar of Elders | 1 | |
| Moon Well | 5 | |
| Ancient of War | 1 | |
| Hunter's Hall | 1 | |
| Tree of Ages | 5 | |
| Ancient Protector | 3 | |
| Ancient of Wonders | 1 | |
| Tree of Eternity | 3 | |
| Ancient of Lore | 1 | |
| Ancient of Wind | 1 | |
| Tree of Life | 1 | |
| Chimaera Roost | 2 | |
25 total
» build order
00:06 Altar of Elders
00:08 Moon Well
00:48 Ancient of War
01:28 Moon Well
01:49 Moon Well
02:44 Hunter's Hall
03:14 Tree of Ages
03:14 Tree of Ages
03:14 Tree of Ages
03:53 Ancient Protector
04:40 Ancient Protector
04:51 Ancient of Wonders
05:57 Tree of Eternity
05:57 Tree of Eternity
06:42 Ancient of Lore
08:53 Ancient of Wind
09:18 Moon Well
09:21 Moon Well
09:39 Tree of Life
10:17 Ancient Protector
10:32 Chimaera Roost
12:37 Chimaera Roost
» items
| Scroll of Town Portal | 5 | |
| Potion of Lesser Invulnerability | 1 | |
6 total
Nlggergasser (
orange | 90 APM | 3756 actions | 41:36)
6 Blademaster
3 Wind Walk
2 Critical Strike
1 Bladestorm
» actions
| Assign group hotkey | 109 | |
| Basic commands | 378 | |
| Build / train | 138 | |
| ESC pressed | 2 | |
| Enter build submenu | 65 | |
| Enter hero's abilities submenu | 6 | |
| Give item / drop item | 6 | |
| Remove unit from queue | 1 | |
| Right click | 1148 | |
| Select / deselect | 596 | |
| Select group hotkey | 1106 | |
| Use ability | 201 | |
3756 total
» units
| Peon | 21 | |
| Grunt | 6 | |
| Goblin Zeppelin | 12 | |
| Goblin Shredder | 3 | |
| Wind Rider | 9 | |
| Demolisher | 3 | |
| Troll Headhunter/Berserker | 3 | |
| Raider | 2 | |
| Kodo Beast | 1 | |
60 total
» upgrades
| Armor | 3 | |
| Berserker Strength | 1 | |
| Ranged Weapons | 4 | |
| Reinforced Defenses | 1 | |
| Envenomed Spears | 1 | |
| Berserker Upgrade | 1 | |
| Troll Regeneration | 1 | |
| Pillage | 1 | |
| Burning Oil | 1 | |
| Spiked Barricades | 2 | |
| Ensnare | 1 | |
| Melee Weapons | 3 | |
| Backpack | 1 | |
| War Drums Damage Increase | 1 | |
| Liquid Fire | 1 | |
23 total
» buildings
| Orc Burrow | 8 | |
| Altar of Storms | 1 | |
| Barracks | 3 | |
| Voodoo Lounge | 1 | |
| War Mill | 1 | |
| Stronghold | 5 | |
| Fortress | 6 | |
| Great Hall | 6 | |
| Watch Tower | 37 | |
| Beastiary | 3 | |
71 total
» build order
00:08 Orc Burrow
00:52 Altar of Storms
01:05 Barracks
01:18 Orc Burrow
01:54 Voodoo Lounge
02:32 War Mill
03:45 Stronghold
03:45 Stronghold
04:09 Orc Burrow
06:26 Fortress
06:26 Fortress
06:33 Great Hall
06:46 Watch Tower
06:51 Watch Tower
07:37 Orc Burrow
07:46 Watch Tower
07:53 Watch Tower
09:09 Watch Tower
09:12 Watch Tower
09:18 Watch Tower
10:26 Beastiary
10:27 Beastiary
10:39 Watch Tower
10:43 Watch Tower
10:50 Watch Tower
10:51 Watch Tower
14:01 Barracks
14:03 Barracks
14:06 Beastiary
15:50 Watch Tower
15:51 Watch Tower
15:51 Watch Tower
15:52 Watch Tower
16:06 Watch Tower
16:16 Watch Tower
16:20 Watch Tower
16:45 Orc Burrow
16:50 Orc Burrow
16:53 Watch Tower
17:11 Watch Tower
17:14 Watch Tower
17:17 Watch Tower
18:14 Watch Tower
18:18 Watch Tower
20:54 Orc Burrow
20:56 Orc Burrow
22:44 Watch Tower
22:45 Watch Tower
23:34 Great Hall
25:28 Great Hall
28:25 Stronghold
29:07 Great Hall
29:27 Watch Tower
29:40 Watch Tower
29:56 Watch Tower
30:10 Watch Tower
30:55 Great Hall
31:29 Great Hall
31:51 Fortress
31:51 Fortress
32:02 Watch Tower
32:54 Watch Tower
32:55 Watch Tower
32:56 Watch Tower
32:57 Watch Tower
33:28 Watch Tower
33:32 Watch Tower
» items
| Healing Salve | 5 | |
| Boots of Speed | 2 | |
| Orb of Lightning | 1 | |
| Tiny Great Hall | 1 | |
| Scroll of Town Portal | 2 | |
| Periapt of Vitality | 2 | |
| Potion of Healing | 1 | |
| Potion of Mana | 1 | |
15 total
Realiti (
teal | 67 APM | 2807 actions | 41:36)
8 Archmage
3 Summon Water Elemental
3 Brilliance Aura
1 Mass Teleport
1 Blizzard
» actions
| Assign group hotkey | 62 | |
| Basic commands | 199 | |
| Build / train | 81 | |
| Enter build submenu | 51 | |
| Enter hero's abilities submenu | 8 | |
| Give item / drop item | 14 | |
| Right click | 980 | |
| Select / deselect | 409 | |
| Select group hotkey | 845 | |
| Use ability | 158 | |
2807 total
» units
| Peasant | 14 | |
| Footman | 5 | |
| Goblin Shredder | 1 | |
| Goblin Zeppelin | 3 | |
| Gryphon Rider | 5 | |
| Goblin Sapper | 3 | |
| Dragonhawk Rider | 5 | |
| Blue Dragon | 1 | |
37 total
» upgrades
| Storm Hammers | 1 | |
| Animal War Training | 1 | |
| Swords | 3 | |
| Armor | 3 | |
| Masonry | 1 | |
| Cloud | 1 | |
10 total
» buildings
| Altar of Kings | 2 | |
| Barracks | 1 | |
| Farm | 15 | |
| Scout Tower | 30 | |
| Keep | 2 | |
| Town Hall | 3 | |
| Arcane Tower | 1 | |
| Lumber Mill | 2 | |
| Castle | 1 | |
| Arcane Vault | 2 | |
| Gryphon Aviary | 4 | |
| Blacksmith | 2 | |
| Guard Tower | 6 | |
71 total
» build order
00:35 Altar of Kings
00:38 Barracks
00:49 Farm
00:51 Farm
01:04 Farm
01:34 Farm
02:40 Scout Tower
03:43 Keep
04:03 Town Hall
04:11 Arcane Tower
05:17 Lumber Mill
06:11 Castle
06:39 Arcane Vault
09:00 Gryphon Aviary
09:01 Gryphon Aviary
09:01 Gryphon Aviary
09:01 Gryphon Aviary
09:06 Blacksmith
09:07 Blacksmith
09:10 Farm
10:36 Town Hall
10:44 Scout Tower
10:44 Scout Tower
10:45 Scout Tower
10:45 Scout Tower
10:46 Scout Tower
10:47 Scout Tower
10:47 Scout Tower
10:48 Scout Tower
10:51 Arcane Vault
10:56 Scout Tower
10:56 Scout Tower
10:57 Scout Tower
11:15 Guard Tower
11:52 Guard Tower
12:14 Guard Tower
12:41 Scout Tower
12:42 Scout Tower
12:43 Scout Tower
12:43 Scout Tower
12:46 Scout Tower
12:46 Scout Tower
12:47 Scout Tower
12:47 Scout Tower
12:48 Scout Tower
13:09 Lumber Mill
16:18 Farm
16:21 Farm
16:25 Farm
16:25 Farm
16:25 Farm
16:27 Farm
20:18 Guard Tower
24:57 Keep
28:01 Altar of Kings
28:13 Farm
28:14 Farm
28:15 Farm
28:18 Farm
30:37 Town Hall
30:39 Scout Tower
30:40 Scout Tower
30:40 Scout Tower
30:41 Scout Tower
30:44 Scout Tower
30:44 Scout Tower
30:45 Scout Tower
30:45 Scout Tower
31:22 Guard Tower
34:00 Guard Tower
» items
| Healing Salve | 2 | |
| Mechanical Critter | 2 | |
| Scroll of Regeneration | 2 | |
| Scroll of Town Portal | 5 | |
| Staff of Sanctuary | 1 | |
| Potion of Healing | 2 | |
14 total
0)Z (
yellow | 34 APM | 1399 actions | 41:36)
2 Archmage
1 Summon Water Elemental
1 Brilliance Aura
» actions
| Assign group hotkey | 6 | |
| Basic commands | 105 | |
| Build / train | 95 | |
| Enter build submenu | 40 | |
| Enter hero's abilities submenu | 2 | |
| Right click | 498 | |
| Select / deselect | 519 | |
| Select group hotkey | 27 | |
| Use ability | 102 | |
1399 total
» units
| Peasant | 29 | |
| Goblin Shredder | 5 | |
| Goblin Zeppelin | 1 | |
| Flying Machine | 25 | |
| Chimaera | 4 | |
64 total
» upgrades
| Masonry | 2 | |
| Gunpowder | 2 | |
| Armor | 2 | |
| Lumber Harvesting | 2 | |
| Flak Cannons | 1 | |
| Flying Machine Bombs | 1 | |
| Corrosive Breath | 1 | |
11 total
» buildings
| Altar of Kings | 1 | |
| Farm | 10 | |
| Town Hall | 2 | |
| Scout Tower | 27 | |
| Arcane Tower | 2 | |
| Lumber Mill | 1 | |
| Guard Tower | 12 | |
| Keep | 1 | |
| Blacksmith | 1 | |
| Castle | 1 | |
| Workshop | 5 | |
| Moon Well | 5 | |
68 total
» build order
00:10 Altar of Kings
00:19 Farm
01:03 Farm
01:40 Farm
03:31 Town Hall
03:38 Scout Tower
04:00 Scout Tower
04:06 Farm
04:11 Arcane Tower
04:14 Scout Tower
04:16 Scout Tower
04:27 Arcane Tower
04:29 Scout Tower
04:35 Lumber Mill
05:43 Guard Tower
05:47 Guard Tower
05:53 Scout Tower
05:53 Scout Tower
06:04 Farm
06:05 Farm
06:08 Farm
06:10 Farm
06:22 Guard Tower
06:30 Keep
06:46 Scout Tower
06:47 Scout Tower
06:48 Scout Tower
06:52 Scout Tower
06:54 Scout Tower
06:55 Scout Tower
07:05 Guard Tower
07:13 Blacksmith
07:51 Guard Tower
08:07 Scout Tower
08:08 Scout Tower
08:08 Scout Tower
08:10 Scout Tower
08:11 Scout Tower
08:12 Scout Tower
08:16 Scout Tower
08:17 Scout Tower
08:18 Scout Tower
08:22 Guard Tower
09:00 Guard Tower
09:02 Guard Tower
09:54 Town Hall
10:41 Castle
10:49 Guard Tower
11:47 Guard Tower
12:00 Guard Tower
13:14 Workshop
13:17 Workshop
13:39 Guard Tower
13:49 Workshop
14:57 Workshop
15:04 Workshop
17:02 Farm
17:03 Farm
20:17 Scout Tower
20:18 Scout Tower
20:18 Scout Tower
20:20 Scout Tower
20:21 Scout Tower
29:46 Moon Well
29:50 Moon Well
29:56 Moon Well
31:20 Moon Well
31:55 Moon Well
Chat log
(00:13 / Allies) smileyD_Dsmiley: hi
(00:22 / All) WolfBabe31: I like oj's better
(00:36 / Allies) smileyD_Dsmiley: dryads chims
(00:51 / Allies) smileyD_Dsmiley: plan?
(00:56 / Allies) Nlggergasser: totally man
(02:33 / All) Realiti: MK is ultimate warrior but I not go mk this game
(02:45 / All) dontTKidiot: what do you go then
(02:51 / All) Realiti: noneya
(03:08 / All) dontTKidiot: cool story
(05:46 / All) RAINBOW-BOY.: robert baratheon in his youthful prime vs the mountain
(05:47 / All) RAINBOW-BOY.: who wins
(05:52 / All) Realiti: the mountain
(06:00 / All) Nlggergasser: ^^
(06:19 / All) RAINBOW-BOY.: uh robert won vs rhegar
(06:27 / Allies) smileyD_Dsmiley: lumber anyone?
(06:30 / All) Realiti: that happened
(06:34 / Allies) smileyD_Dsmiley: need 100
(06:36 / All) RAINBOW-BOY.: yes
(06:38 / Allies) smileyD_Dsmiley: nvm
(06:40 / All) RAINBOW-BOY.: robert killed him
(06:47 / All) Realiti: through power
(07:09 / All) Realiti: the mountain is an impossible fantasy character
(07:21 / Allies) smileyD_Dsmiley: can i have lumber
(07:23 / Allies) smileyD_Dsmiley: can give gold
(07:24 / All) RAINBOW-BOY.: like, goku?
(07:41 / Allies) smileyD_Dsmiley: lumber
(07:42 / Allies) smileyD_Dsmiley: pleeeez
(07:58 / Allies) Realiti: boots got stolen
(08:04 / Allies) smileyD_Dsmiley: lumber
(08:05 / Allies) smileyD_Dsmiley: anyone
(08:11 / Allies) Realiti: or not
(08:31 / Allies) Realiti: you want boots orange
(08:39 / Allies) smileyD_Dsmiley: teal
(08:42 / Allies) smileyD_Dsmiley: can i have some fucking lumber
(08:44 / Allies) smileyD_Dsmiley: really need it
(08:48 / Allies) 0)Z: omfg
(08:50 / Allies) 0)Z: faggo
(08:59 / Allies) smileyD_Dsmiley: tnx
(09:49 / Allies) Nlggergasser: that's my expo yellow
(09:52 / Allies) Nlggergasser: I'm creeping it]
(10:00 / Allies) 0)Z: no
(10:01 / Allies) Nlggergasser: bad boy
(10:13 / Allies) Nlggergasser: I creep it, it's mine
(10:17 / Allies) 0)Z: no
(10:18 / Allies) 0)Z: its mine
(10:21 / Allies) 0)Z: if you build ther
(10:22 / Allies) Nlggergasser: Nope
(10:24 / Allies) 0)Z: i kill it
(10:31 / Allies) Nlggergasser: Attack me and I kill you
(10:34 / Allies) 0)Z: k
(10:35 / Allies) Nlggergasser: and evey unit and stucture of yous
(10:36 / Allies) 0)Z: gg
(11:16 / Allies) Nlggergasser: Fag lol
(11:33 / Allies) 0)Z: you stole my shredder and zeppelin
(11:37 / Allies) 0)Z: and try to take my expo'
(11:42 / Allies) Nlggergasser: The shredder was not yours
(11:49 / Allies) Nlggergasser: and nor was the zepp
(11:51 / Allies) 0)Z: yes it was
(11:52 / Allies) Nlggergasser: you are a dumb retard noob
(11:55 / Allies) Nlggergasser: nope
(11:58 / Allies) Nlggergasser: what makes you think that lol?
(12:04 / Allies) 0)Z: i waited for it
(12:13 / Allies) Nlggergasser: so?
(12:20 / Allies) Nlggergasser: Looks like I got it and I own both the zepp and shredder
(12:42 / Allies) 0)Z: doesnt look like ur gonna get that expo tho
(12:47 / Allies) Nlggergasser: Yeah I will
(14:15 / All) Realiti: I love auto web
(14:17 / All) Realiti: fucking faggot
(14:18 / Allies) Nlggergasser: looks like I am gonna get it buddy
(14:25 / Allies) Realiti: does blue mh
(14:26 / Allies) smileyD_Dsmiley: plz
(14:29 / Allies) Realiti: lumber
(14:34 / Allies) Realiti: quick
(14:42 / Allies) smileyD_Dsmiley: tp
(14:44 / Allies) smileyD_Dsmiley: u dumbasses
(14:53 / Allies) Nlggergasser: I got yel to deal with
(14:55 / Allies) smileyD_Dsmiley: wtf
(14:57 / Allies) smileyD_Dsmiley: is wrong with u
(14:59 / Allies) Realiti: go
(15:02 / Allies) smileyD_Dsmiley: this game is so fucked
(15:10 / Allies) Realiti: dumbass you can let your expo die
(15:12 / Allies) Realiti: it's not end of game
(15:14 / All) dontTKidiot: GG
(15:21 / All) join2play: gg
(15:56 / All) dontTKidiot: gg
(16:00 / All) Realiti: this game got real gay because blue is mher
(16:04 / All) Realiti: wtih auto ewb
(16:26 / All) dontTKidiot: u guys just suck
(16:38 / All) Realiti: lawl you're just mass wyverns yo udumb noobie
(17:08 / Allies) Realiti: kumber
(18:13 / Allies) 0)Z: lol
(18:14 / All) Realiti: kawk
(18:15 / All) Realiti: lawl
(18:16 / All) Realiti: blue
(18:21 / All) Realiti: He saw in his mh that was untowered
(18:27 / All) join2play: lol
(18:28 / All) join2play: no
(18:32 / All) Realiti: lol yes
(18:33 / Allies) Nlggergasser: fucking faggot lol
(18:35 / All) join2play: i dont have mh
(18:38 / All) join2play: honestly
(18:42 / All) join2play: why would i
(18:47 / All) join2play: No money on the line
(18:50 / All) join2play: not a tourny
(18:51 / All) join2play: ...
(18:52 / All) Realiti: yeah
(18:57 / All) Realiti: that's why there's so many hackerfs you retards
(19:03 / All) join2play: lol
(19:06 / All) join2play: why/
(19:43 / All) dontTKidiot: green wtf
(19:49 / All) RAINBOW-BOY.: mistake
(19:50 / All) RAINBOW-BOY.: sorry
(20:04 / All) RAINBOW-BOY.: oh
(20:05 / All) RAINBOW-BOY.: lol
(20:06 / All) RAINBOW-BOY.: silly me
(20:24 / Allies) Nlggergasser: lol
(20:29 / Allies) Nlggergasser: help me cloud and kill yellow
(20:37 / All) RAINBOW-BOY.: i told man, its a mistake
(20:57 / Allies) Realiti: take a tiny hnall
(21:00 / Allies) Realiti: and put it down on their side
(21:02 / Allies) Realiti: so I can tp to it
(21:04 / Allies) Realiti: and kill pink
(21:07 / Allies) Nlggergasser: let's kill yellow's other expo and main
(21:17 / Allies) Realiti: yellow wtf is your problem faggot
(21:24 / Allies) Nlggergasser: he's been a pain in my side all game
(21:31 / Allies) 0)Z: lmao
(21:38 / Allies) 0)Z: this faggot attacke d my expo
(21:39 / Allies) Realiti: I didn't tk you when you leeched exp prick
(21:41 / Allies) Nlggergasser: no
(21:46 / Allies) Nlggergasser: you went to a fucking expo I crept
(21:48 / Allies) Nlggergasser: and was going to take
(21:53 / Allies) Nlggergasser: then stole it
(21:56 / Allies) Nlggergasser: or tried
(22:06 / Allies) Nlggergasser: Eat shit faggot
(22:12 / All) dontTKidiot: ?
(22:17 / Allies) 0)Z: lol
(22:18 / All) Realiti: two niglets retards on our team
(22:21 / Allies) 0)Z: owned
(22:32 / All) Realiti: pink would have easily gotten raped
(22:36 / All) Realiti: not even upgraded burrows
(22:36 / Allies) Nlggergasser: you ae being raped, really owned hardcore lol
(22:47 / All) RAINBOW-BOY.: pink tker
(22:55 / All) dontTKidiot: Wtf
(23:15 / All) Nlggergasser: Yeah well we have a tker on ou team too, yellow
(23:18 / All) Nlggergasser: a dumb noob fail tker
(23:30 / All) Realiti: yellow is an exp leech
(23:32 / All) Realiti: but I didn't tk
(23:36 / All) Realiti: or even mention it
(23:45 / All) RAINBOW-BOY.: not a tourney blue
(23:49 / All) Realiti: it aws "his"
(23:50 / Allies) 0)Z: you both stole my shreeder''
(23:53 / Allies) 0)Z: pay for it
(23:59 / All) RAINBOW-BOY.: its not a tourney blue
(24:01 / All) Realiti: I crept it yo udumb faggot
(24:03 / All) Realiti: so how was it yours
(24:07 / All) Realiti: moron LOL
(24:18 / All) Realiti: you leeched exp, and I took my shreddar that I crept
(24:33 / Allies) Nlggergasser: his dumbass was camping his heo by a lab athe than using it
(24:39 / Allies) 0)Z: lol
(24:39 / Allies) Nlggergasser: apparently that means he is entitled to everything from that lab
(24:46 / Allies) 0)Z: look at this dumbfuck try to rebuld his main
(25:28 / All) Realiti: stats yellow
(25:33 / All) Realiti: he's not even a tk
(25:49 / All) join2play: hes rainbow boy
(25:52 / Allies) 0)Z: the first person to tk in this game
(25:53 / Allies) Nlggergasser: gold me if you got spare
(25:55 / All) Realiti: lol
(25:58 / Allies) Nlggergasser: lol
(26:12 / All) join2play: hes acts like we care
(26:16 / All) join2play: hes just a little child
(26:17 / Allies) Nlggergasser: Gold me
(26:19 / All) RAINBOW-BOY.: not a tourney blue
(26:20 / All) join2play: let him have his momenr
(26:22 / All) join2play: moment
(26:31 / All) join2play: keep dreaming about dicks
(26:34 / All) RAINBOW-BOY.: aka drayen
(27:35 / All) 0)Z: this was a nice game
(27:44 / All) Nlggergasser: wasn't watching for a se
(27:44 / All) Nlggergasser: c
(27:45 / All) Realiti: you failed tk lol
(28:09 / All) RAINBOW-BOY.: damn ur slow pink
(28:26 / All) Realiti: I shoulda stabbed yellow earlier
(28:38 / All) RAINBOW-BOY.: pink on a scale of 1-10 how mad are u
(28:47 / All) 0)Z: hes like a 12
(29:00 / All) Nlggergasser: Yellow thinks he's gonna be carried to a win LOL
(29:14 / All) Realiti: lol
(29:34 / Allies) Nlggergasser: Gold me some more
(29:52 / All) RAINBOW-BOY.: gonna fight pink who is using red
(29:55 / All) RAINBOW-BOY.: we'll see who is #1
(30:03 / Allies) Nlggergasser: gold me some more bob
(30:16 / Allies) 0)Z: bob LMAO
(30:58 / All) Realiti: What's your name yellow?
(31:00 / All) Realiti: Brayden?
(31:06 / All) Realiti: Dillon?
(31:07 / Allies) 0)Z: no bob
(31:08 / All) RAINBOW-BOY.: Dorthy
(31:10 / Allies) 0)Z: its not
(31:10 / All) Realiti: Tyrone?
(31:24 / All) Nlggergasser: Dorothy sounds plausible for yellow
(32:27 / Allies) Realiti: lmao
(32:33 / Allies) Realiti: lmao
(32:43 / Allies) Realiti: 0/0 now Brayden
(32:54 / Allies) 0)Z: sly bob
(33:12 / All) RAINBOW-BOY.: nothing personal
(33:14 / All) RAINBOW-BOY.: pink
(33:33 / All) RAINBOW-BOY.: pinks lesson of the day - dont call ur opponents noob
(33:49 / All) Realiti: especially when you are a noob like pink
(34:33 / All) Nlggergasser: think these scrubs will stay for a standoff?
(34:43 / All) RAINBOW-BOY.: nope
(34:47 / All) Realiti: yes
(37:50 / Allies) Nlggergasser: share control
(37:53 / Allies) Nlggergasser: for buying zepps
(38:03 / Allies) Realiti: I know a good spot lawl
(38:08 / Allies) Nlggergasser: whee
(38:09 / Allies) Nlggergasser: re
(38:29 / Allies) Nlggergasser: My army all ground lawl
(38:45 / Allies) Nlggergasser: almost forgot these
(39:06 / Allies) Realiti: make sure all zeps dead
(39:32 / Allies) 0)Z: what are you doing bob and larry
(40:03 / Allies) Nlggergasser: Think all my zepps are dead
(40:45 / Allies) Nlggergasser: Think I'm good now
(41:30 / All) Nlggergasser: gl fags